 Dungeon Crawl Stone Soup version 0.27.0-1-g7a089689b8 (webtiles) character file.

Game seed: 13864567745900032904

16 MajorAdolf the Twirler (level 2, 0/24 (25) HPs)
             Began as a Naga Wanderer on Aug 9, 2021.
             Slain by a quokka (1 damage)
             ... on level 1 of the Dungeon.
             The game lasted 00:02:58 (2017 turns).

MajorAdolf the Twirler (Naga Wanderer)              Turns: 2017, Time: 00:02:59

HP:   0/24 (25)     AC:  1    Str: 16    XL:     2   Next: 54%
MP:   4/4           EV:  9    Int: 13    God:
Gold: 88            SH:  0    Dex:  7    Spells: 2/3 levels left

rFire    . . .     SeeInvis +   a - +0 club
rCold    . . .     Faith    .   (no shield)
rNeg     . . .     Spirit   .   b - +0 robe
rPois    +         Reflect  .   (no helmet)
rElec    .         Harm     .   (no cloak)
rCorr    .         Rampage  .   (no gloves)
Will     .....                  (no barding)
Stlth    +.........             (no amulet)
HPRegen  0.08/turn              (no ring)
MPRegen  0.09/turn              (no ring)

@: mighty, short of breath, lightly drained, very slow
A: AC +0, large, see invisible, deformed body, poison resistance, slowness 2,
spit poison 1, naga tail 1
a: Spit Poison


You were on level 1 of the Dungeon.
You visited 1 branch of the dungeon, and saw 2 of its levels.

You collected 88 gold pieces.

Inventory:

Hand Weapons
 a - a +0 club (weapon)
 d - a +0 dagger
Armour
 b - a +0 robe (worn)
Magical Staves
 i - a staff of cold
Wands
 c - a wand of flame (15)
Scrolls
 e - 2 scrolls of vulnerability {unknown}
 f - 2 scrolls of teleportation {unknown}
 g - a scroll of fog {unknown}
 k - a scroll of enchant weapon {unknown}
Potions
 h - a potion of might
 j - 2 potions of degeneration {unknown}


   Skills:
 - Level 1.0 Fighting
 - Level 2.0 Staves
 - Level 1.0 Throwing
 - Level 1.0 Dodging
 - Level 1.5 Stealth
 + Level 1.4 Spellcasting
 + Level 1.2 Hexes
 + Level 1.5 Summonings
 + Level 1.4 Evocations


You had 2 spell levels left.
You knew the following spells:

 Your Spells              Type           Power      Damage    Failure   Level
a - Summon Small Mammal   Summ           16%        N/A       14%         1

Your spell library contained the following spells:

 Spells                   Type           Power      Damage    Failure   Level
 Summon Guardian Golem    Hex/Summ       4%         N/A       41%         3


Dungeon Overview and Level Annotations

Branches:
Dungeon (2/15)

Altars:

Annotations:
D:2 Sigmund


Innate Abilities, Weirdness & Mutations

Your serpentine skin is tough. (AC +0)
You have supernaturally acute eyesight. (SInv)
Armour fits poorly on your strangely shaped body.
Your system is resistant to poisons. (rPois)
You cover ground very slowly.
You can spit poison.
You have a snake-like lower body.


Message History

The splash of poison hits the rat!
The rat is poisoned.
You kill the rat!
Unknown command.
k - a scroll labelled NUYGGI ELICH You have got your breath back.
f - 2 scrolls labelled MUAKHLI RUSEA (gained 1)
A quokka and Sigmund come into view.
Sigmund is wielding a +2 scythe of venom and carrying a wand of digging (4).
There are monsters nearby!
There are monsters nearby!
Sigmund casts a spell at you. The puff of flame misses you.
Sigmund laughs darkly.
Sigmund casts a spell.
Sigmund flickers and vanishes for a moment.
The quokka bites you. The quokka bites you.
There is a stone staircase leading up here.
The quokka barely misses you.
You climb upwards.
There is a stone staircase leading down here.
Unknown command.
You closely miss the quokka. The quokka barely misses you.
The quokka bites you.
You closely miss the quokka. The quokka bites you.
You hit the quokka.
The quokka is almost dead.
The quokka barely misses you. The quokka bites you.
* * * LOW HITPOINT WARNING * * *
Press: ? - help, Shift-Dir - straight line, f - quokka
Aim: a quokka (almost dead)
The splash of poison misses the quokka.
The quokka bites you.
* * * LOW HITPOINT WARNING * * *
Unknown command.
Unknown command.
Unknown command.
It was a potion of might.
You feel very mighty all of a sudden. The quokka bites you.
You die...

###....#......# #...#
...#...##.....##### #...#
....#...#.........####
#..##
....#...#.....#.#....#
#.##
....#.........#.#.##)# #.#
....#...#.....#.#.#..#####
...#...##.....#...#...#
###....#......##..#...##
......######...#@###...#
....### ###.#r###...#
##### #....##...## #
###..###...### #..#
#.....### #..# ##......##
########..# ###.....#
#########......####
###...## ...............#
##...#


You could see a quokka.

Vanquished Creatures
  A ball python (D:1)
  3 goblins (D:1)
  2 hobgoblins (D:1)
  A frilled lizard (D:1)
  9 rats
  A spectral hobgoblin (D:1)
17 creatures vanquished.

Notes
Turn   | Place    | Note
-------+----------+-------------------------------------------
     0 | D:1      | MajorAdolf the Naga Wanderer began the quest for the Orb.
     0 | D:1      | MajorAdolf set off with the following items: a +0 club, a
                  | +0 robe, a wand of flame (15); and the following spell
                  | memorised: Summon Small Mammal; and the following spells
                  | available to memorise: Summon Guardian Golem
     0 | D:1      | Reached XP level 1. HP: 18/18 MP: 2/2
   642 | D:1      | Reached XP level 2. HP: 25/25 MP: 1/3
  1214 | D:1      | Found a faded altar of an unknown god.
  2002 | D:2      | Noticed Sigmund
  2016 | D:1      | HP: 1/24 [quokka (5)]
  2017 | D:1      | Slain by a quokka

Illustrated notes

Levels and vault maps discovered:
D:1:      dpeg_arrival_oval, layout_rooms, serial_curves, eino_curves_01,
          eino_curves_01, eino_curves_04, eino_curves_04,
          dreamdust_ecumenical_altar_drowned_temple, minmay_strange_pillars,
          minmay_rat_gold_closets
D:2:      layout_basic, uniq_natasha, uniq_sigmund

Action                   || total
-------------------------++-------
Melee: Club              ||    46
 Cast: Summon Small Mamm ||     4
 Abil: Spit Poison       ||     9
  Use: Potion            ||     1
 Stab: Sleeping          ||     2
Armor: Robe              ||     5
Dodge: Dodged            ||    27
